 Dungeon Crawl Stone Soup version 0.30-a0-1112-gfb780f5df6 (webtiles) character file.

Game seed: 15912481926709935559

5 xian the Vexing (level 1, -3/13 HPs)
             Began as a Demonspawn Enchanter on Apr 20, 2023.
             Slain by a kobold
             ... wielding a +1 dagger of speed
              (4 damage)
             ... on level 1 of the Dungeon.
             The game lasted 00:01:31 (262 turns).

xian the Vexing (Demonspawn Enchanter)               Turns: 262, Time: 00:01:31

Health: -3/13      AC:  2    Str:  8    XL:     1   Next: 66%
Magic:  3/3        EV: 12    Int: 16    God:
Gold:   12         SH:  0    Dex: 13    Spells: 4/4 levels left

rFire   . . .      SeeInvis .    a - +1 dagger
rCold   . . .      Faith    .    (no shield)
rNeg    . . .      Spirit   .    b - +0 robe
rPois   .          Reflect  .    (no helmet)
rElec   .          Rampage  .    (no cloak)
rCorr   .                        (no gloves)
Will    .....                    (no boots)
Stlth   ++                       (no amulet)
HPRegen 0.22/turn                (no ring)
MPRegen 0.08/turn                (no ring)

@: no status effects
A: no striking features
a: no special abilities


You were on level 1 of the Dungeon.
You visited 1 branch of the dungeon, and saw 1 of its levels.

You collected 12 gold pieces.

Inventory:

Hand Weapons
 a - a +1 dagger (weapon)
Missiles
 e - 3 poisoned darts (quivered)
Armour
 b - a +0 robe (worn)
Scrolls
 d - a scroll of noise {unknown}
Potions
 c - 2 potions of invisibility
 f - a potion of cancellation {unknown}


   Skills:
 + Level 0.8 Short Blades
 + Level 1.9 Dodging
 + Level 2.8 Stealth
 + Level 2.0 Spellcasting
 + Level 3.2 Hexes


You had 4 spell levels left.
You didn't know any spells.
Your spell library contained the following spells:

 Spells                   Type           Power      Damage    Failure   Level
 Ensorcelled Hibernation  Hex/Ice        12%        N/A       16%         2
 Confusing Touch          Hex            11%        N/A       17%         3
 Tukima's Dance           Hex            11%        N/A       17%         3
 Dazzling Flash           Conj/Hex       12%        N/A       32%         3


Dungeon Overview and Level Annotations

Branches:
Dungeon (1/15)

Altars:


Message History

You enter the shallow water.
Moving in this stuff is going to be slow.
You enter the shallow water.
Moving in this stuff is going to be slow.
You now have 12 gold pieces.
You enter the shallow water.
Moving in this stuff is going to be slow.
A ball python comes into view.
A goblin comes into view. It is wielding a +0 dagger.
Found a short sword.
The ball python hisses angrily.
You barely miss the ball python. The ball python bites you.
The ball python misses you. The ball python closely misses you. x2
You hit the ball python.
You kill the ball python!
A kobold comes into view. It is wielding a +1 dagger of speed.
The kobold shouts!
You hit the kobold but do no damage. The kobold misses you.
The kobold closely misses you.
You barely miss the kobold. Your punch misses the kobold.
The kobold hits you with a +1 dagger of speed.
You closely miss the kobold.
The kobold hits you with a +1 dagger of speed.
You closely miss the kobold. The kobold misses you.
The kobold hits you with a +1 dagger of speed.
You hit the kobold.
The kobold is moderately wounded.
The kobold barely misses you.
You barely miss the kobold.
The kobold is moderately wounded.
The kobold barely misses you.
The kobold hits you with a +1 dagger of speed.
You hit the kobold.
The kobold is severely wounded.
The kobold hits you with a +1 dagger of speed.
* * * LOW HITPOINT WARNING * * *
You closely miss the kobold.
The kobold is severely wounded.
The kobold hits you with a +1 dagger of speed.
You die...

#. #.# ..# #.. #.# #..
#.# #.. #.##########..
#.#....PPPP..P
###########.#.#~~~♣P~PPP
.....)K@........P~~~~≈≈≈
.#.#............~~P.~~♣≈
#.######.###.####~PP~
....................PP
... ............####...P
## ##..##.###..####..PP
.g. ... ........~.PP ..
##########PPPP~~♣ .
....P~P~~~♣P


You could see a kobold.

Vanquished Creatures
  A kobold (D:1)
  A quokka (D:1)
  3 ball pythons (D:1)
5 creatures vanquished.

Vanquished Creatures (others)
  4 plants (D:1)
4 creatures vanquished.

Grand Total: 9 creatures vanquished

Notes
Turn   | Place    | Note
-------+----------+-------------------------------------------
     0 | D:1      | xian the Demonspawn Enchanter began the quest for the Orb.
     0 | D:1      | Reached XP level 1. HP: 13/13 MP: 3/3
   262 | D:1      | Slain by a kobold

Illustrated notes

Levels and vault maps discovered:
D:1:      elethiomel_arrival_quiet, layout_basic, serial_bayou,
          serial_bayou_lake_a, serial_bayou_lagoon_a, serial_bayou_pond_a,
          st_stairs_6

Action                     || total
---------------------------++-------
  Melee: Dagger            ||    27
 Armour: Robe              ||     4
  Dodge: Dodged            ||    21

Table legend: (Time is in decaauts)
 A = Elapsed time spent in this place.
 B = Non-inter-level travel time spent in this place.
 C = Inter-level travel time spent in this place.
 D = Time resting spent in this place.
 E = Time spent auto-exploring this place.
 F = Levels seen in this place.
 G = Mean time per level.
                   A        B        C        D        E       F      G
               +--------+--------+--------+--------+--------+-----+--------+
         Total |    265 |    265 |      0 |      0 |    111 |   1 |  265.0 |
       Dungeon |    265 |    265 |      0 |      0 |    111 |   1 |  265.0 |
               +--------+--------+--------+--------+--------+-----+--------+

Top non-repeatable levels by time:
     D:1: 265 daAuts
